 Dungeon Crawl Stone Soup version 0.28-a0-984-g3775c662fe (webtiles) character file.

Game seed: 15582866403690485536

61 haemogoblin the Vandal (level 3, 0/35 HPs)
             Began as a Troll Hunter on Dec 3, 2021.
             Slain by a goblin (5 damage)
             ... led by Robin
             ... on level 2 of the Dungeon.
             The game lasted 00:37:25 (1294 turns).

haemogoblin the Vandal (Troll Hunter)               Turns: 1294, Time: 00:37:26

Health: 0/35       AC:  4    Str: 20    XL:     3   Next: 83%
Magic:  2/2        EV: 10    Int:  9    God:
Gold:   54         SH:  0    Dex: 10    Spells: 2/2 levels left

rFire   . . .      SeeInvis .   b - +0 short sword
rCold   . . .      Faith    .   (no shield)
rNeg    . . .      Spirit   .   c - +0 robe
rPois   .          Reflect  .   (helmet restricted)
rElec   .          Harm     .   (no cloak)
rCorr   .          Rampage  .   (gloves unavailable)
Will    .....                   (boots unavailable)
Stlth   +.........              (no amulet)
HPRegen 0.91/turn               (no ring)
MPRegen 0.08/turn               (no ring)

@: no status effects
A: large, unfitting armour, claws 3, regeneration 1, shaggy fur 1, tough skin 1
a: no special abilities


You were on level 2 of the Dungeon.
You visited 1 branch of the dungeon, and saw 3 of its levels.

You collected 54 gold pieces.

Inventory:

Hand Weapons
 a - a +1 hunting sling
 b - a +0 short sword (weapon)
 g - a +0 whip
 h - a +0 quarterstaff
 k - a +0 dagger
 m - a +0 hunting sling
 o - a +0 whip
Missiles
 d - 39 sling bullets
 i - 14 bolts
 j - 52 stones (quivered)
 q - 2 throwing nets
Armour
 c - a +0 robe (worn)
 e - a +0 leather armour
 f - a +0 helmet
 l - a +0 scale mail
 n - a +0 ring mail
Magical Staves
 p - a staff of earth


   Skills:
 + Level 1.8 Fighting
 + Level 1.1 Short Blades
 + Level 3.2 Slings
 + Level 1.9 Dodging
 + Level 0.4 Stealth


You had 2 spell levels left.
You didn't know any spells.
Your spell library was empty.

Dungeon Overview and Level Annotations

Branches:
Dungeon (3/15)

Altars:

Annotations:
D:2 Robin


Innate Abilities, Weirdness & Mutations

You are too large for most types of armour.
You have claws for hands.
Your natural rate of healing is unusually fast.
You are covered in fur. (AC +1)
You have tough skin. (AC +1)


Message History

The goblin hits you with a +0 club.
The giant cockroach bites you but does no damage.
The goblin closely misses you.
Unknown command.
b - a +0 short sword (weapon)
The goblin hits you but does no damage. The giant cockroach bites you.
The goblin hits you but does no damage.
Robin roars a battlecry!
The goblins go into a battle-frenzy!
The giant cockroach bites you.
You barely miss the goblin. The goblin hits you but does no damage.
The giant cockroach bites you but does no damage.
The goblin hits you but does no damage. The giant cockroach bites you.
The goblin hits you but does no damage.
You barely miss the goblin.
A goblin comes into view. It is wielding a +0 dagger.
The goblin closely misses you.
The giant cockroach bites you but does no damage.
The giant cockroach closely misses you. The goblin closely misses you.
The goblin completely misses you.
You hit the goblin.
The goblin is moderately wounded.
The giant cockroach bites you but does no damage.
The goblin barely misses you.
The giant cockroach bites you but does no damage.
The goblin hits you with a +0 dagger. The goblin hits you with a +0 club.
* * * LOW HITPOINT WARNING * * *
You puncture the goblin!
You kill the goblin!
The giant cockroach bites you but does no damage.
The goblin hits you with a +0 dagger.
* * * LOW HITPOINT WARNING * * *
The giant cockroach bites you.
* * * LOW HITPOINT WARNING * * *
The goblin hits you but does no damage. Robin throws the goblin at you!
The goblin hits you but does no damage.
The giant cockroach bites you but does no damage.
You barely miss the goblin. The giant cockroach closely misses you.
The goblin hits you with a +0 dagger.
You die...

#.########...#.###.#..#
#.. ##.........†.# ##.#
####..#####.# .# #..# #
.# #..# .# #..# .. #..#
#gg# #@B### #gBS.#
......gwrg.....
######.####.### #. ..#
.. ..# ##. g. #. #.


You could see Robin, an adder, a dart slug, a quokka, 2 giant cockroaches, a
hobgoblin (strong) and 3 goblins.

Vanquished Creatures
  3 adders (D:2)
  A dart slug (D:2)
  4 bats
  3 endoplasms
  A giant cockroach (D:1)
  7 goblins
  A hobgoblin (D:2)
  A quokka (D:1)
  2 ball pythons (D:1)
  2 frilled lizards
  3 kobolds
  5 rats
33 creatures vanquished.

Vanquished Creatures (others)
  A goblin (D:2)
  A fungus (D:1)
2 creatures vanquished.

Grand Total: 35 creatures vanquished

Notes
Turn   | Place    | Note
-------+----------+-------------------------------------------
     0 | D:1      | haemogoblin the Troll Hunter began the quest for the Orb.
     0 | D:1      | Reached XP level 1. HP: 19/19 MP: 0/0
   282 | D:1      | Reached XP level 2. HP: 27/27 MP: 1/1
   343 | D:1      | Reached skill level 3 in Slings
   585 | D:1      | Found a faded altar of an unknown god.
   601 | D:1      | You fall into a shaft and drop 1 floor!
  1152 | D:2      | Reached XP level 3. HP: 35/35 MP: 2/2
  1199 | D:2      | Reached skill level 1 in Short Blades
  1283 | D:2      | Noticed Robin
  1294 | D:2      | Slain by a goblin

Illustrated notes

Levels and vault maps discovered:
D:1:      psy_arrival_whirlpool, layout_basic,
          shapermc_ecumenical_altar_rom_forum
D:2:      layout_loops_ring, minmay_nonomino_d4, uniq_sigmund, uniq_robin
D:3:      layout_basic, general_overflow_altar, dancing_weapons_uskayaw,
          uniq_natasha, uniq_ijyb, uniq_grinder

Skill      XL: |  1  2  3 |
---------------+----------+-----
Slings         | 3 |  3.2
Short Blades   | 1 |  1.1
Fighting       | |  1.8
Dodging        | |  1.9
Stealth        | |  0.4

Action                   || total
-------------------------++-------
Melee: Short sword       ||    81
       Quarterstaff      ||    10
 Fire: Hunting sling     ||     9
  Use: Scroll            ||     3
 Stab: Sleeping          ||     2
Armor: Robe              ||    92
Dodge: Dodged            ||    99

Table legend: (Time is in decaauts)
 A = Elapsed time spent in this place.
 B = Non-inter-level travel time spent in this place.
 C = Inter-level travel time spent in this place.
 D = Time resting spent in this place.
 E = Time spent auto-exploring this place.
 F = Levels seen in this place.
 G = Mean time per level.
                   A        B        C        D        E       F      G
               +--------+--------+--------+--------+--------+-----+--------+
         Total |   1312 |   1312 |      0 |      0 |      0 |   3 |  437.3 |
       Dungeon |   1312 |   1312 |      0 |      0 |      0 |   3 |  437.3 |
               +--------+--------+--------+--------+--------+-----+--------+

Top non-repeatable levels by time:
     D:2: 684 daAuts
     D:1: 616 daAuts
     D:3: 11 daAuts
